 Dungeon Crawl Stone Soup version 0.26.1-11-gd32895ea62 (webtiles) character file.

Game seed: 8153539166893834142

231 Almogavar the Chopper (level 6, -3/53 HPs)
             Began as a Hill Orc Fighter on May 11, 2021.
             Slain by a goblin
             ... wielding a +0 club
              (5 damage)
             ... on level 3 of the Dungeon.
             The game lasted 00:05:07 (2806 turns).

Almogavar the Chopper (Hill Orc Fighter)            Turns: 2806, Time: 00:05:08

Health: -3/53      AC:  3    Str: 21    XL:     6   Next: 3%
Magic:  6/6        EV:  7    Int:  8    God:
Gold:   88         SH:  9    Dex: 10    Spells: 5/5 levels left

rFire    . . .     SeeInvis .   a - +0 war axe
rCold    . . .     Faith    .   c - +0 kite shield
rNeg     . . .     Spirit   .   b - +0 scale mail
rPois    .         Reflect  .   (no helmet)
rElec    .         Harm     .   (no cloak)
rCorr    .         Rampage  .   (no gloves)
Will     .....                  (no boots)
Stlth    ..........             (no amulet)
HPRegen  0.17/turn              (no ring)
MPRegen  0.10/turn              (no ring)

@: corroded
A: no striking features
a: no special abilities


You were on level 3 of the Dungeon.
You visited 1 branch of the dungeon, and saw 3 of its levels.

You collected 88 gold pieces.

Inventory:

Hand Weapons
 a - a +0 war axe (weapon)
 l - a +0 hunting sling
Missiles
 i - 210 stones (quivered)
Armour
 b - a +0 scale mail (worn)
 c - a +0 kite shield (worn)
 n - a +0 chain mail
Wands
 g - a wand of acid (11)
 p - a wand of iceblast (3)
Scrolls
 h - a scroll of magic mapping
 j - a scroll of fear
 k - 2 scrolls of teleportation
 o - 4 scrolls of remove curse
 r - a scroll of enchant armour {unknown}
Potions
 d - 5 potions of might
 e - a potion of attraction {unknown}
 m - a potion of brilliance {unknown}
 q - 2 potions of heal wounds {unknown}


   Skills:
 + Level 4.3 Fighting
 + Level 5.2 Axes
 + Level 4.4 Armour
 + Level 0.7 Dodging
 + Level 4.4 Shields


You had 5 spell levels left.
You didn't know any spells.
Your spell library was empty.

Dungeon Overview and Level Annotations

Branches:
Dungeon (3/15)

Altars:
Kikubaaqudgha

Annotations:
D:3 Ijyb


Message History

You hit Ijyb.
Ijyb is lightly wounded.
You closely miss the goblin. The goblin hits you but does no damage.
Ijyb hits you but does no damage.
Your shield and scale mail prevent you from hitting Ijyb.
Ijyb is lightly wounded.
You closely miss the goblin. The goblin hits you but does no damage.
Ijyb hits you with a +0 club. You block the goblin's attack.
You slash Ijyb!
Ijyb is severely wounded.
You barely miss the goblin. You block Ijyb's attack.
The goblin hits you but does no damage.
You closely miss Ijyb.
Ijyb is severely wounded.
You closely miss the goblin.
Ijyb zaps a wand.
The bolt of acid hits you!
* * * LOW HITPOINT WARNING * * *
The acid corrodes you!
You are splashed with acid!
* * * LOW HITPOINT WARNING * * *
The goblin hits you with a +0 club.
You die...

#...#.?...#...#..≈≈#
#...#...†.#...#..≈≈#
#...#.....#...#..≈≈#
##'##.....##'##..≈≈#
#............#...≈≈#
#............#...≈≈#
#...##########...≈≈#
#...#.†.....#####≈≈#
#...'@g.....+ ≈≈#
#...'.g.....# ≈≈#
#############


You could see Ijyb and a goblin.

Vanquished Creatures
  8 gnolls
  7 adders
  An ooze (D:1)
  2 worms (D:3)
  A dart slug (D:2)
  7 leopard geckos
  3 giant cockroaches
  12 goblins
  5 hobgoblins
  6 jackals
  11 kobolds
  A quokka (D:3)
  A ball python (D:2)
  7 bats
  2 frilled lizards
  4 rats
78 creatures vanquished.

Notes
Turn   | Place    | Note
-------+----------+-------------------------------------------
     0 | D:1      | Almogavar the Hill Orc Fighter began the quest for the Orb.
     0 | D:1      | Reached XP level 1. HP: 19/19 MP: 1/1
    68 | D:1      | Reached XP level 2. HP: 26/27 MP: 2/2
   221 | D:1      | Reached skill level 3 in Axes
   528 | D:1      | Reached XP level 3. HP: 33/33 MP: 3/3
   954 | D:2      | Reached XP level 4. HP: 28/40 MP: 4/4
  1108 | D:2      | Reached skill level 4 in Axes
  1890 | D:1      | Reached XP level 5. HP: 39/46 MP: 5/5
  2295 | D:3      | Found an ancient bone altar of Kikubaaqudgha.
  2320 | D:3      | Reached skill level 5 in Axes
  2691 | D:3      | Reached XP level 6. HP: 49/53 MP: 6/6
  2796 | D:3      | Noticed Ijyb
  2806 | D:3      | HP: 2/53 [acid (8)]
  2806 | D:3      | Slain by a goblin

Illustrated notes

Levels and vault maps discovered:
D:1:      minmay_arrival_four_circles, layout_loops_ring
D:2:      layout_rooms, chequers_serial_rivers_small_3
D:3:      kennysheep_goblin_castle, layout_rooms, marbit_many_paths,
          minmay_misc_feat_iff

Skill      XL: |  1  2  3  4  5 |
---------------+----------------+-----
Axes           | 3 4 5 |  5.2
Shields        | 4 |  4.4
Fighting       | 4 |  4.3
Armour         | 4 |  4.4
Dodging        | |  0.7

Action                   |  1- 3 |  4- 6 || total
-------------------------+-------+-------++-------
Melee: War axe           |    85 |   114 ||   199
  Use: Scroll            |     1 |     4 ||     5
       Potion            |       |     2 ||     2
Armor: Scale mail        |    54 |    53 ||   107
Dodge: Dodged            |    36 |    28 ||    64
Block: Kite shield       |    54 |    69 ||   123
